 Dungeon Crawl Stone Soup version 0.20-a0-910-gb611367 (webtiles) character file.

560 Denreik the Protected (level 7, -8/52 HPs)
             Began as a Formicid Chaos Knight on Mar 22, 2017.
             Mangled by an orc warrior
             ... wielding a cursed -2 trident
              (19 damage)
             ... on level 5 of the Dungeon.
             The game lasted 00:09:58 (2914 turns).

Denreik the Protected (Formicid Chaos Knight)       Turns: 2914, Time: 00:10:01

Health: -8/52      AC:  7    Str: 18    XL:     7   Next: 57%
Magic:  7/7        EV: 11    Int: 16    God:    Xom [*.....]
Gold:   103        SH:  0    Dex: 15    Spells: 6/6 levels left

rFire    + . .     SeeInvis +   d - +5 whip (flame)
rCold    . . .     Gourm    .   b - +2 leather armour
rNeg     . . .     Faith    .   (no shield)
rPois    .         Spirit   .   (helmet unavailable)
rElec    .         Reflect  .   j - scarf {repulsion}
rCorr    .         Harm     .   (no gloves)
MR       .....                  (no boots)
Stlth    +.........             (no amulet)
Regen    0.2/turn               (no ring)
MPRegen  0.1/turn               n - ring of protection from fire

@: brilliant, cleaving, repel missiles
A: permanent stasis, dig shafts and tunnels, four strong arms, antennae 3, agile
2, shaggy fur 1
a: Dig, Shaft Self, Renounce Religion


You were on level 5 of the Dungeon.
You worshipped Xom.
You were a special plaything of Xom.
You were not hungry.

You visited 1 branch of the dungeon, and saw 5 of its levels.

You collected 103 gold pieces.

Inventory:

Hand Weapons
 a - a +0 spear of chaos
 d - a +5 whip of flaming (weapon)
 f - a +0 hunting sling
 o - a +2 vampiric hand axe
Missiles
 e - 88 stones (quivered)
 p - 20 sling bullets
Armour
 b - a +2 leather armour (worn)
 j - a scarf of repulsion (worn)
Magical Staves
 h - an uncursed staff of wizardry
Jewellery
 n - a ring of protection from fire (left hand)
Wands
 l - a wand of random effects (24/48)
 m - a wand of lightning (12/15)
Potions
 i - a potion of lignification {unknown}
 k - a potion of curing
 r - 2 potions of agility
Comestibles
 c - 3 bread rations
 g - a meat ration
 q - 4 fruits


   Skills:
 - Level 3.2 Fighting
 - Level 3.0 Polearms
 + Level 8.5 Armour
 - Level 0.8 Dodging
 * Level 0.7 Evocations


You had 6 spell levels left.
You didn't know any spells.

Dungeon Overview and Level Annotations

Branches:
Dungeon (5/15)             Temple (0/1) D:5

Altars:
Ashenzari
Xom


Innate Abilities, Weirdness & Mutations

You cannot be hasted, slowed, berserked, paralysed or teleported.
You can dig through walls and to a lower floor.
Your four strong arms can wield two-handed weapons with a shield.
You have a pair of large antennae on your head. (SInv)
You are very agile. (Dex +4)
You are covered in fur. (AC +1)


Message History

The orc warrior hits you but does no damage.
You hit the orc warrior but do no damage.
The orc warrior is lightly wounded.
The orc warrior misses you.
You hit the orc warrior. You burn the orc warrior.
The orc warrior is moderately wounded. "This might be better!"
The orc warrior seems to speed up.
The orc warrior hits you with an enchanted trident! x2
* * * LOW HITPOINT WARNING * * *
You closely miss the orc warrior.
The orc warrior is moderately wounded.
The orc warrior hits you but does no damage.
It was a potion of brilliance.
You feel clever all of a sudden.
Xom is highly amused!
The orc warrior closely misses you.
The orc warrior hits you with an enchanted trident!!
You die...
Xom titters!

.# #.### ##.......##.## .#######
#...########......#...# .......##
###...o..o..o....##...#
######..##############.....#.....
#..........# ###.....#.....
##.#####.#.#########...##...#..##
#.....#>..............#......##
#####..##...######..#.........#
##.....<...@o..###........##
########.###............... #
#.####[###.......... ##
#####......###........## .##
###.....#.<........(....## ..#
####...######................
..###....### #.......o.<......
......####### #................
............#####.........#######


You could see an orc warrior.

Vanquished Creatures
  Prince Ribbit (D:5)
  A water moccasin zombie (D:5)
  A centaur zombie (D:5)
  A bullfrog zombie (D:5)
  A centaur skeleton (D:5)
  A worker ant (D:5)
  2 adders
  An ooze (D:3)
  A dart slug (D:1)
  A leopard gecko (D:2)
  7 orcs
  2 giant cockroaches
  5 hobgoblins
  5 jackals
  3 quokkas
  A ball python (D:1)
  2 bats
  2 frilled lizards
  2 goblins
  3 kobolds
  A quokka zombie (D:5)
  2 rats
46 creatures vanquished.

Vanquished Creatures (collateral kills)
  Eustachio (D:5)
1 creature vanquished.

Vanquished Creatures (others)
  A quokka (D:5)
1 creature vanquished.

Grand Total: 48 creatures vanquished

Notes
Turn   | Place    | Note
-------+----------+-------------------------------------------
     0 | D:1      | Denreik the Formicid Chaos Knight began the quest for the Orb.
     0 | D:1      | Reached XP level 1. HP: 18/18 MP: 1/1
    48 | D:1      | XOM: harmless Summ miscast
   113 | D:1      | XOM: harmless Necr miscast
   188 | D:1      | Reached XP level 2. HP: 12/24 MP: 2/2
   449 | D:1      | Reached skill level 3 in Armour
   469 | D:1      | You fall through a shaft!
   501 | D:2      | Reached XP level 3. HP: 15/29 MP: 3/3
   782 | D:2      | You fall through a shaft!
   841 | D:3      | Reached skill level 4 in Armour
   904 | D:4      | XOM: mild Chrm miscast
  1005 | D:4      | Reached XP level 4. HP: 28/35 MP: 4/4
  1023 | D:5      | Entered Level 5 of the Dungeon
  1039 | D:5      | Noticed Prince Ribbit
  1048 | D:5      | XOM: confuse monster(s)
  1271 | D:5      | Killed Prince Ribbit
  1271 | D:5      | Reached skill level 7 in Armour
  1271 | D:5      | Reached XP level 5. HP: 14/41 MP: 5/5
  1271 | D:5      | Reached XP level 6. HP: 16/47 MP: 6/6
  1523 | D:5      | Found a shattered altar of Ashenzari.
  1743 | D:5      | XOM: god gift: scroll labeled RUFRAYWNOME {god gift}
  1835 | D:5      | Noticed Eustachio
  1856 | D:5      | XOM: scenery: create altars
  1870 | D:5      | Killed Eustachio
  1870 | D:5      | Reached skill level 8 in Armour
  1870 | D:5      | Reached XP level 7. HP: 19/52 MP: 7/7
  1891 | D:5      | Gained mutation: You are agile. (Dex +2) [potion of mutation]
  1891 | D:5      | Gained mutation: You are covered in fur. (AC +1) [potion of mutation]
  1891 | D:5      | Gained mutation: You are very agile. (Dex +4) [potion of mutation]
  2173 | D:5      | XOM: swap monsters
  2201 | D:5      | XOM: confuse monster(s)
  2307 | D:4      | XOM: mild Summ miscast
  2742 | D:5      | Found a staircase to the Ecumenical Temple.
  2907 | D:5      | XOM: cleaving
  2912 | D:5      | XOM: enchant monster (bad)
  2914 | D:5      | Mangled by an orc warrior

Vault maps used:
D:1:      co_arrival_random_square_maze
D:2:      overflow_temple_1_default, minmay_misc_feat_pillars
D:3:      nicolae_overflow_hidden_temple, first_bread
D:4:      minmay_overflow_temple_star_quad, nemelex_xobeh_ov_fountains_minmay,
          minmay_misc_feat_ornament, minmay_goblin_kobold_house
D:5:      nicolae_ashenzari_panopticon, lemuel_temple_firewalk_a,
          uniq_prince_ribbit1, uniq_eustachio

Skill      XL: |  1  2  3  4  5  6 |
---------------+-------------------+-----
Armour         | 3 4 7 8 |  8.5
Fighting       | |  3.2
Polearms       | |  3.0
Dodging        | |  0.8
Evocations     | |  0.7

Action                   |  1- 3 |  4- 6 |  7- 9 || total
-------------------------+-------+-------+-------++-------
Melee: Spear             |    93 |       |       ||    93
       Whip              |    11 |    71 |    52 ||   134
 Abil: Shaft Self        |     2 |       |       ||     2
  Use: Scroll            |     3 |     1 |     3 ||     7
       Potion            |       |       |     3 ||     3
  Eat: Chunk             |     1 |     3 |       ||     4
       Bread ration      |       |       |     1 ||     1
Armor: Leather armour    |    33 |    19 |    17 ||    69
Dodge: Dodged            |    41 |    53 |    30 ||   124
       Deflected         |       |     2 |       ||     2
